 Dungeon Crawl Stone Soup version 0.29-a0-722-g64f5989226 (webtiles) character file.

Game seed: 2882512267759183132

539 Essalna the Magician (level 7, 0/52 HPs)
             Began as a Djinni Conjurer on June 28, 2022.
             Was an Initiate of the Shining One.
             Killed by miscasting Iskenderun's Mystic Blast (10 damage)
             ... on level 4 of the Dungeon.
             The game lasted 00:09:00 (5622 turns).

Essalna the Magician (Djinni Conjurer)              Turns: 5622, Time: 00:09:00

Health: 0/52       AC:  4    Str:  6    XL:     7   Next: 51%
Gold:   255        EV: 12    Int: 33    God:    the Shining One [......] SH:  0 Dex: 12

rFire   + + .      SeeInvis .   (no weapon)
rCold   x . .      Faith    .   (no shield)
rNeg    . . .      Spirit   .   a - +0 robe
rPois   ∞          Reflect  .   (no helmet)
rElec   .          Harm     .   s - +1 cloak
rCorr   .          Rampage  .   (no gloves)
Will    .....                   (boots unavailable)
Stlth   +.........              m - amulet of regeneration
HPRegen 0.97/turn               f - +6 ring of intelligence
MPRegen 0.00/turn               q - +6 ring of intelligence

@: flying, very slightly contaminated, glowing, studying Shields
A: sickness immunity, fire resistance 2, cold vulnerability 1, float, innate
caster, HP casting, extra vitality 1
a: Renounce Religion


You were on level 4 of the Dungeon.
You worshipped the Shining One.
The Shining One was noncommittal.
You visited 2 branches of the dungeon, and saw 5 of its levels.

You collected 255 gold pieces.

Inventory:

Armour
 a - a +0 robe (worn)
 s - a +1 cloak (worn)
Jewellery
 f - a +6 ring of intelligence (left hand)
 m - an amulet of regeneration (around neck)
 q - a +6 ring of intelligence (right hand)
 r - an amulet of faith
Wands
 d - a wand of iceblast (5)
Scrolls
 g - 3 scrolls of identify
 l - 3 scrolls of magic mapping {unknown}
 p - a scroll of enchant weapon
Potions
 b - a potion of flight {unknown}
 c - 3 potions of curing
 e - a potion of berserk rage {unknown}
 h - a potion of mutation {unknown}
 i - 2 potions of heal wounds {unknown}
 j - a potion of might {unknown}
 k - a potion of degeneration {unknown}
 n - a potion of ambrosia {unknown}
 o - 2 potions of brilliance {unknown}


   Skills:
 + Level 4.1 Fighting
 - Level 3.1 Dodging
 - Level 3.0 Stealth
 + Level 4.9 Spellcasting


You couldn't memorise any spells.
You knew the following spells:

 Your Spells              Type           Power      Damage    Failure   Level
a - Magic Dart            Conj           100%       1d8       1%          1
b - Searing Ray           Conj           82%        2d7       1%          2
c - Dazzling Flash        Conj/Hex       82%        N/A       1%          3
d - Fulminant Prism       Conj/Hex       20%        3d13      6%          4
e - Iskenderun's Mystic   Conj/Tloc      41%        2d9       6%          4
f - Summon Small Mammal   Summ           100%       N/A       1%          1
g - Call Imp              Summ           41%        N/A       1%          2
h - Inner Flame           Hex/Fire       41%        N/A       1%          3
Your spell library was empty.

Dungeon Overview and Level Annotations

Branches:
Dungeon (4/15)             Temple (1/1) D:4

Altars:
Ashenzari
Dithmenos
Elyvilon
Gozag
Hepliaklqana
Kikubaaqudgha
Qazlal
Ru
Sif Muna
Trog
Vehumet
Wu Jian
Xom
The Shining One

Annotations:
D:3 1 transporter, Zero's ghost, amateur HuEE
D:4 Duvessa


Innate Abilities, Weirdness & Mutations

You are immune to sickness and miasma.
You are immune to poison.
Your flesh is very heat resistant. (rF++)
You are vulnerable to cold. (rC-)
You float through the air rather than walking.
You learn spells naturally, not from books.
Your magical power is your life essence.
You have superior vitality. (+4 MHP)


Message History

Duvessa hits you with a +0 rapier! Duvessa misses you.
Casting: Searing Ray (safe; 1% risk of failure)
Confirm with . or Enter, or press ? or * to list all spells.
You erupt in a blast of force!
The mystic blast hits Duvessa.
Duvessa is moderately wounded.
Duvessa is knocked back by the mystic blast.
Casting: Iskenderun's Mystic Blast (dangerous; 6% risk of failure)
Confirm with . or Enter, or press ? or * to list all spells.
You miscast Iskenderun's Mystic Blast.
You are very lightly contaminated with residual magic.
Nothing appears to happen.
Casting: Iskenderun's Mystic Blast (dangerous; 6% risk of failure)
Confirm with . or Enter, or press ? or * to list all spells.
You erupt in a blast of force!
The mystic blast hits Duvessa!
Duvessa is heavily wounded.
Duvessa is knocked back by the mystic blast.
Casting: Iskenderun's Mystic Blast (dangerous; 6% risk of failure)
Confirm with . or Enter, or press ? or * to list all spells.
You erupt in a blast of force!
The mystic blast hits Duvessa!
Duvessa is heavily wounded.
Duvessa is knocked back by the mystic blast.
Casting: Iskenderun's Mystic Blast (dangerous; 6% risk of failure)
Confirm with . or Enter, or press ? or * to list all spells.
You can't see any susceptible monsters within range! (Use Z to cast anyway.)
Casting: Iskenderun's Mystic Blast (dangerous; 6% risk of failure)
Confirm with . or Enter, or press ? or * to list all spells.
You erupt in a blast of force!
The mystic blast hits Duvessa but does no damage.
Duvessa is heavily wounded.
Duvessa hits you with a +0 rapier!
Casting: Iskenderun's Mystic Blast (dangerous; 6% risk of failure)
Confirm with . or Enter, or press ? or * to list all spells.
You erupt in a blast of force!
The mystic blast hits Duvessa.
Duvessa is severely wounded.
Duvessa is knocked back by the mystic blast.
* * * LOW HITPOINT WARNING * * *
Casting: Iskenderun's Mystic Blast (dangerous; 6% risk of failure)
Confirm with . or Enter, or press ? or * to list all spells.
You miscast Iskenderun's Mystic Blast.
Energy rips through your body!
You die...

######
#...@#
#.##)#
#.##e#
###.##.#
+...##.#
##..##.#
#..##.#
####
#..##.#
...######
#..#


You could see Duvessa (berserk).

Vanquished Creatures
  2 black bears
  Dowan (D:4)
  A hound (D:2)
  2 jellies
  An orc wizard (D:3)
  An iguana (D:4)
  A gnoll (D:2)
  4 adders
  An ufetubus (D:4)
  5 worms
  4 dart slugs (D:1)
  12 orcs
  8 ball pythons
  9 endoplasms
  2 giant cockroaches (D:1)
  7 goblins
  6 hobgoblins
  7 jackals
  4 kobolds
  2 quokkas
  10 bats
  A frilled lizard (D:2)
  4 rats
95 creatures vanquished.

Vanquished Creatures (collateral kills)
  A bat (D:1)
  A kobold (D:2)
2 creatures vanquished.

Vanquished Creatures (others)
  5 plants (D:2)
5 creatures vanquished.

Grand Total: 102 creatures vanquished

Notes
Turn   | Place    | Note
-------+----------+-------------------------------------------
     0 | D:1      | Essalna the Djinni Conjurer began the quest for the Orb.
     0 | D:1      | Essalna set off with the following spells memorised: Magic
                  | Dart, Searing Ray, Dazzling Flash, Fulminant Prism,
                  | Iskenderun's Mystic Blast.
     0 | D:1      | Reached XP level 1. HP: 15/15 MP: 0/0
   149 | D:1      | Reached XP level 2. HP: 17/21 MP: 0/0
   613 | D:1      | Reached XP level 3. HP: 12/25 MP: 0/0
   613 | D:1      | Learned a level 1 spell: Summon Small Mammal
  1825 | D:2      | Reached XP level 4. HP: 29/31 MP: 0/0
  2768 | D:2      | Reached skill level 1 in Fighting
  2769 | D:2      | Reached XP level 5. HP: 31/37 MP: 0/0
  2769 | D:2      | Learned a level 2 spell: Call Imp
  3826 | D:3      | Noticed a black bear
  3831 | D:3      | Killed a black bear
  3832 | D:3      | Reached XP level 6. HP: 36/45 MP: 0/0
  3907 | D:3      | Found a transporter.
  3912 | D:3      | Found an opulent altar of Gozag.
  4220 | D:3      | Noticed Zero's ghost (amateur HuEE)
  4221 | D:3      | Identified the +1 dire flail of Dominance {vorpal, rC+
                  | Str-3 Int+2 Stlth+}
  4221 | D:3      | Noticed an ogre
  4924 | D:4      | Found a staircase to the Ecumenical Temple.
  5037 | Temple   | Entered the Ecumenical Temple
  5182 | Temple   | Became a worshipper of the Shining One
  5206 | D:4      | Noticed a black bear
  5216 | D:4      | Killed a black bear
  5217 | D:4      | Reached XP level 7. HP: 39/51 MP: 0/0
  5217 | D:4      | Learned a level 3 spell: Inner Flame
  5606 | D:4      | Noticed Dowan
  5608 | D:4      | Noticed Duvessa
  5612 | D:4      | Killed Dowan
  5622 | D:4      | Killed by miscasting Iskenderun's Mystic Blast

Illustrated notes

Levels and vault maps discovered:
D:1:      dpeg_arrival_rooms_with_view, layout_basic
D:2:      layout_rooms, serial_forest, infiniplex_forest_corner_1,
          infiniplex_forest_lined_corner, infiniplex_forest_clump_small,
          infiniplex_forest_clump_curved, infiniplex_forest_clump_curved,
          infiniplex_forest_clump_long, kennysheep_generic_room_16
D:3:      cheibrodos_old_hovel, layout_basic,
          nicolae_gozag_cash_rules_everything_around_me, gammafunk_ghost_smash
D:4:      layout_basic, minmay_temple_entry_ruins, abandoned_shop,
          minmay_manual_mess, uniq_duvessa
Temple:   roderic_octagonal_lattice_temple

Skill      XL: |  1  2  3  4  5  6  7 |
---------------+----------------------+-----
Stealth        | 2 3 |  3.0
Dodging        | 3 |  3.1
Fighting       | 1 2 3 4 |  4.1
Spellcasting   | 4 |  4.9

Action                   |  1- 3 |  4- 6 |  7- 9 || total
-------------------------+-------+-------+-------++-------
Melee: Unarmed           |     1 |     1 |       ||     2
 Cast: Magic Dart        |    66 |   107 |    30 ||   203
       Searing Ray       |     1 |     8 |     1 ||    10
       Summon Small Mamm |     4 |     1 |       ||     5
       Call Imp          |       |     4 |       ||     4
       Iskenderun's Myst |       |     1 |     5 ||     6
  Use: Scroll            |       |     7 |       ||     7
Armor: Robe              |     1 |     7 |       ||     8
Dodge: Dodged            |     6 |    14 |     2 ||    22

Table legend: (Time is in decaauts)
 A = Elapsed time spent in this place.
 B = Non-inter-level travel time spent in this place.
 C = Inter-level travel time spent in this place.
 D = Time resting spent in this place.
 E = Time spent auto-exploring this place.
 F = Levels seen in this place.
 G = Mean time per level.
                   A        B        C        D        E       F      G
               +--------+--------+--------+--------+--------+-----+--------+
         Total |   5623 |   5366 |    257 |    116 |   4698 |   5 | 1124.6 |
       Dungeon |   5461 |   5219 |    242 |    116 |   4571 |   4 | 1365.2 |
        Temple |    161 |    146 |     15 |      0 |    127 |   1 |  161.0 |
               +--------+--------+--------+--------+--------+-----+--------+

Top non-repeatable levels by time:
     D:1: 1916 daAuts
     D:2: 1560 daAuts
     D:3: 1173 daAuts
     D:4: 811 daAuts
  Temple: 161 daAuts
